 Dungeon Crawl Stone Soup version 0.16-a0-148-g3b84123 (webtiles) character file.

191 Rationalist the Bolt Thrower (level 5, -2/41 HPs)
             Began as a Centaur Hunter on Aug 15, 2014.
             Was an Initiate of Gozag.
             Killed by nerve-wracking pain
             ... invoked by an orc priest
              (6 damage)
             ... on Level 4 of the Dungeon.
             The game lasted 00:05:45 (3591 turns).

Rationalist the Bolt Thrower (Centaur Hunter)       Turns: 3591, Time: 00:05:45

HP  -2/41        AC 10     Str 14      XL: 5   Next: 41%
MP   4/4         EV  8     Int 10      God: Gozag
Gold 119         SH  0     Dex 11      Spells:  0 memorised,  4 levels left

rFire  . . .     SeeInvis .     h - +3 whip
rCold  . . .     Clarity  .     d - +0 leather armour
rNeg   . . .     rCorr    .     (no shield)
rPois  .         rRot     .     (no helmet)
rElec  .         Spirit   .     (no cloak)
SustAb .         Warding  .     x - +0 pair of gloves
rMut   .         Stasis   .     o - +0 centaur barding
Gourm  .                        (no amulet)
MR     .....                    (no ring)
                                k - ring of flight

@: very quick, not resistant to hostile enchantments, very unstealthy
A: hooves 3, deformed body, speed 2, tough skin 3
a: Potion Petition, Call Merchant, Bribe Branch, Renounce Religion, Evoke Flight


You were on level 4 of the Dungeon.
You worshipped Gozag.
Gozag was noncommittal.
You were not hungry.

You visited 1 branch of the dungeon, and saw 4 of its levels.

You collected 194 gold pieces.
You paid 75 gold pieces to Gozag.

Inventory:

Hand weapons
 a - a +0 short sword
 b - a +1 hand crossbow
 h - a +3 whip (weapon)
 y - a +2 dagger of venom
Missiles
 c - 40 bolts
 l - 14 arrows of flame
 s - 21 arrows
Armour
 d - a +0 leather armour (worn)
 e - a +0 plate armour
 o - a +0 centaur barding (worn)
 v - a +0 ring mail of magic resistance
 x - a +0 pair of gloves (worn)
Comestibles
 f - 4 bread rations
 r - a slice of pizza
Scrolls
 g - 5 scrolls of identify
 i - a scroll of teleportation {unknown}
 m - a scroll of magic mapping {unknown}
 u - a scroll of enchant weapon {unknown}
 w - a scroll of remove curse {unknown}
Jewellery
 k - a ring of flight (left hand)
 q - a cursed amulet of inaccuracy {unknown}
Potions
 j - a potion of curing
 n - a potion of haste {unknown}
 p - 2 potions of restore abilities {unknown}
 t - a potion of might {unknown}


   Skills:
 + Level 1.8 Fighting
 + Level 1.4 Maces & Flails
 + Level 5.4 Crossbows
 + Level 1.5 Armour
 + Level 2.5 Dodging
 + Level 0.5 Stealth


You had 4 spell levels left.
You didn't know any spells.

Dungeon Overview and Level Annotations

Branches:
Dungeon (4/15)
 Temple: D:4-7

Altars:
Ashenzari
Cheibriados
Gozag
Kikubaaqudgha
Qazlal
Trog
Beogh


Innate Abilities, Weirdness & Mutations

You have hooves in place of feet.
Armour fits poorly on your strangely shaped body.
You cover ground very quickly.
You have extremely tough skin (AC +3).


Message History

The orc priest hits you but does no damage.
The orc priest looks braver.
The orc priest calls upon Beogh to heal the orc priest.
The orc priest is healed somewhat.
Things that are here:
15 gold pieces; a dagger; a robe The orc priest calls upon Beogh to heal the orc priest.
The orc priest's wounds heal themselves!
The orc priest prays to Beogh.
You feel a wave of unholy energy pass over you.
The orc priest calls down the wrath of Beogh upon you.
Something smites you!
* * * LOW HITPOINT WARNING * * *
The orc priest's eyes start to glow.
You hit the orc priest.
The orc priest is lightly wounded.
The orc priest calls down the wrath of Beogh upon you.
Pain shoots through your body!
You die...
Your body crumbles into a pile of gold.

#.# #.# #.# ).. ###)#
..# ....#### ..#
.......######.#.######
#..........###......
#.##.#......#.......
#..@o.........#.....
#####o##.........#..
#...##...#.##.#<.
#.8.8$#...#.##.#..
#.$.$$#.#.#.......
#$8$8.#.....#####.
##._$##.....# #.
######.....# ##
#.....# #


You could see 2 orc priests.

Vanquished Creatures
  An orc wizard (D:4)
  A hound (D:3)
  A worker ant zombie (D:4)
  6 gnolls (D:2)
  An adder (D:3)
  2 worms
  4 giant geckos
  An orc (D:4)
  A ball python (D:1)
  2 goblins (D:1)
  3 hobgoblins
  5 jackals
  7 bats
  9 kobolds
  6 rats
50 creatures vanquished.

Notes
Turn   | Place    | Note
--------------------------------------------------------------
     0 | D:1      | Rationalist, the Centaur Hunter, began the quest for the Orb.
     0 | D:1      | Reached XP level 1. HP: 16/16 MP: 1/1
  1118 | D:1      | Reached XP level 2. HP: 23/23 MP: 2/2
  1269 | D:1      | Reached skill level 5 in Crossbows
  1656 | D:2      | Reached XP level 3. HP: 15/28 MP: 3/3
  1909 | D:2      | Found an opulent altar of Gozag.
  2152 | D:2      | Reached XP level 4. HP: 32/35 MP: 3/3
  2158 | D:2      | Reached skill level 1 in Armour
  2508 | D:2      | Became a worshipper of Gozag Ym Sagoz the Greedy
  3050 | D:3      | Found a stormy altar of Qazlal.
  3068 | D:3      | Found a shattered altar of Ashenzari.
  3160 | D:3      | Reached skill level 1 in Maces & Flails
  3160 | D:3      | Reached XP level 5. HP: 37/40 MP: 4/4
  3433 | D:3      | Found a snail-covered altar of Cheibriados.
  3433 | D:3      | Found an ancient bone altar of Kikubaaqudgha.
  3440 | D:3      | Found a bloodstained altar of Trog.
  3571 | D:4      | Found a roughly hewn altar of Beogh.
  3591 | D:4      | Killed from afar by an orc priest

Action                   |  1- 3 |  4- 6 || total
-------------------------+-------+-------++-------
Melee: Whip              |    66 |    65 ||   131
       Short sword       |     9 |       ||     9
 Fire: Hand crossbow     |    10 |       ||    10
  Use: Scroll            |     1 |       ||     1
       Potion            |       |     1 ||     1
  Eat: Chunk             |     3 |       ||     3
       Meat ration       |       |     1 ||     1
